 Dungeon Crawl Stone Soup version 0.30-b1-2-g02819fbbbe (webtiles) character file.

Game seed: 17298665311707883740

1024 Shirokaze the Covered (level 8, -11/71 HPs)
             Began as an Armataur Fighter on May 30, 2023.
             Was an Initiate of Ashenzari.
             Mangled by an ice beast (12 damage)
             ... on level 6 of the Dungeon.
             The game lasted 00:15:18 (3969 turns).

Shirokaze the Covered (Armataur Fighter)            Turns: 3969, Time: 00:15:18

Health: -11/71     AC: 11    Str: 23    XL:     8   Next: 2%
Magic:  8/8        EV:  8    Int:  9    God:    Ashenzari [......]
Gold:   179        SH:  4    Dex: 10    Spells: 7/7 levels left

rFire   . . .        a - +0 war axe
rCold   . . .        c - +0 buckler
rNeg    . . .        b - +0 scale mail
rPois   .            (no helmet)
rElec   .            u - +2 cloak
rCorr   .            (no gloves)
SInv    .            (no barding)
Will    .....        (no amulet) Stlth
                     (no ring)
HPRegen 0.31/turn    (no ring)
MPRegen 0.11/turn

%: roll
@: lethally poisoned (-11 -> -14), slowed, very slow
A: large, rugged brown scales 3, deformed body, armoured tail, roll, long
tongue, awkward tongue
a: Renounce Religion


You were on level 6 of the Dungeon.
You worshipped Ashenzari.
Ashenzari was noncommittal.
You visited 2 branches of the dungeon, and saw 7 of its levels.

You collected 179 gold pieces.

Inventory:

Hand Weapons
 a - a +0 war axe (weapon)
Armour
 b - a +0 scale mail (worn)
 c - a +0 buckler (worn)
 u - a +2 cloak (worn)
Wands
 n - a wand of polymorph (8)
Scrolls
 d - a scroll of teleportation
 e - a scroll of amnesia {unknown}
 h - a scroll of magic mapping {unknown}
 i - a scroll of fear {unknown}
 v - a scroll of immolation {unknown}
Potions
 f - a potion of ambrosia {unknown}
 g - a potion of resistance
 j - 2 potions of flight {unknown}
 l - a potion of invisibility {unknown}
 m - 2 potions of attraction {unknown}
 o - a potion of haste
 p - a potion of heal wounds {unknown}
 q - 2 potions of brilliance
 s - a potion of curing
 t - a potion of mutation {unknown}


   Skills:
 + Level 4.3 Fighting
 + Level 5.0 Axes
 + Level 6.4 Armour
 + Level 2.1 Dodging
 + Level 0.9 Stealth
 + Level 4.4 Shields
 + Level 0.5 Unarmed Combat


You had 7 spell levels left.
You didn't know any spells.
Your spell library contained the following spells:

 Spells                   Type           Power      Damage    Failure   Level
 Summon Small Mammal      Summ           0%         N/A       75%         1
 Call Canine Familiar     Summ           0%         N/A       98%         3
 Inner Flame              Hex/Fire       0%         N/A       98%         3
 Summon Guardian Golem    Hex/Summ       0%         N/A       98%         3
 Flame Wave               Conj/Fire      0%         2d4       100%        4
 Sticky Flame             Conj/Fire      0%         2d3       100%        4


Dungeon Overview and Level Annotations

Branches:
Dungeon (6/15)             Temple (1/1) D:5

Altars:
Ashenzari
Elyvilon
Fedhas
Gozag
Hepliaklqana
Makhleb
Ru
Sif Muna
Trog
Uskayaw
Wu Jian
Zin
The Shining One
Jiyva


Innate Abilities, Weirdness & Mutations

You are completely covered in rugged brown scales. (AC +3, +7% HP)
Armour fits poorly on your strangely shaped body.
You have a long armoured tail.
You roll when moving toward enemies. (Rampage)
Your long tongue fully drains potion bottles. (2x potion effects)
Your tongue gives you trouble enunciating. (1.5x scroll delay)


Message History

The kobold hits you but does no damage. You block the iguana's attack.
The ice beast hits you but does no damage.
The iguana bites you but does no damage.
You slash the kobold!
You kill the kobold!
You hit the iguana but do no damage. You closely miss the kobold.
You slash the ice beast! You hit the kobold brigand.
You feel very sick. The ice beast hits you. The ice beast freezes you!
The iguana closely misses you. The kobold closely misses you.
The kobold brigand barely misses you. You block the ice beast's attack.
The kobold brigand hits you with a +0 short sword.
The iguana bites you!
* * * LOW HITPOINT WARNING * * *
You slash the ice beast!
The ice beast is heavily wounded.
You hit the kobold brigand but do no damage.
You slash the kobold!
You kill the kobold!
You closely miss the iguana.
You feel very sick. The ice beast barely misses you.
The iguana barely misses you. The kobold brigand closely misses you.
You block the ice beast's attack. The kobold closely misses you.
The kobold brigand hits you with a +0 short sword!
* * * LOW HITPOINT WARNING * * *
The iguana barely misses you.
You barely miss the ice beast.
The ice beast is heavily wounded.
You closely miss the kobold. You miss the kobold brigand. You slash the iguana!
You feel sick.
The ice beast hits you but does no damage.
The iguana bites you.
* * * LOW HITPOINT WARNING * * *
The kobold hits you but does no damage.
The kobold brigand hits you but does no damage.
The ice beast hits you.
* * * LOW HITPOINT WARNING * * *
The ice beast freezes you!
You die...

##.......##
##.........+ ####
#...<......###...##
#.................#
#..................
#..................
#.........[........
#..........KK......
#..........@)......
#..........Yl......
#..................
##............$....
##................
###.............#
##...........##
##..........#


You could see an ice beast, a kobold brigand, an iguana and a kobold.

Vanquished Creatures
  Grinder (D:3)
  A shadow (D:5)
  2 water moccasins (D:5)
  3 hounds
  4 iguanas
  A sleepcap (D:5)
  Jessica (D:3)
  A jelly (D:5)
  An orc wizard (D:5)
  Natasha (twice) (D:3)
  3 gnolls (D:4)
  2 adders
  A white imp (D:5)
  A dart slug (D:1)
  4 orcs
  6 ball pythons
  7 endoplasms
  5 goblins
  7 hobgoblins
  3 jackals
  4 quokkas
  4 bats
  A frilled lizard (D:1)
  6 kobolds
  5 rats
76 creatures vanquished.

Vanquished Creatures (others)
  10 plants (D:5)
10 creatures vanquished.

Grand Total: 86 creatures vanquished

Notes
Turn   | Place    | Note
-------+----------+-------------------------------------------
     0 | D:1      | Shirokaze the Armataur Fighter began the quest for the Orb.
     0 | D:1      | Reached XP level 1. HP: 19/19 MP: 1/1
   116 | D:1      | Reached XP level 2. HP: 24/26 MP: 2/2
   146 | D:1      | Found a faded altar of an unknown god.
   643 | D:2      | Reached skill level 4 in Armour
   777 | D:2      | Reached XP level 3. HP: 33/33 MP: 3/3
   876 | D:2      | Found a hide-covered altar of Uskayaw.
  1350 | D:3      | Noticed Jessica
  1365 | D:3      | Killed Jessica
  1366 | D:3      | Reached XP level 4. HP: 38/40 MP: 4/4
  1375 | D:3      | Noticed Natasha
  1387 | D:3      | Killed Natasha
  1587 | D:3      | Noticed Grinder
  1710 | D:3      | Killed Grinder
  1711 | D:3      | Reached skill level 5 in Armour
  1711 | D:3      | Reached XP level 5. HP: 45/48 MP: 5/5
  1711 | D:3      | Reached XP level 6. HP: 51/54 MP: 6/6
  1854 | D:3      | Noticed Natasha
  1859 | D:3      | Killed Natasha
  2587 | D:4      | Found an ornate altar of the Wu Jian Council.
  2780 | D:5      | Entered Level 5 of the Dungeon
  2806 | D:5      | Noticed a shadow
  2813 | D:5      | HP: 2/55 [shadow (7)]
  2877 | D:5      | Noticed a water moccasin
  2901 | D:5      | Reached XP level 7. HP: 6/63 MP: 7/7
  2904 | D:5      | Reached skill level 1 in Dodging
  3126 | D:5      | Found a glowing silver altar of Zin.
  3144 | D:5      | Found a white marble altar of Elyvilon.
  3145 | D:5      | Found a glowing golden altar of the Shining One.
  3180 | D:5      | Reached skill level 6 in Armour
  3222 | D:5      | Found a staircase to the Ecumenical Temple.
  3251 | D:5      | Found a blossoming altar of Fedhas.
  3313 | Temple   | Entered the Ecumenical Temple
  3354 | Temple   | Became a worshipper of Ashenzari the Shackled
  3516 | D:5      | Killed a shadow
  3560 | D:5      | Reached skill level 5 in Axes
  3560 | D:5      | Reached XP level 8. HP: 9/71 MP: 8/8
  3969 | D:6      | HP: 3/71 [iguana (4)]
  3969 | D:6      | HP: 1/71 [ice beast (2)]
  3969 | D:6      | Mangled by an ice beast

Illustrated notes

Levels and vault maps discovered:
D:1:      minmay_arrival_loop, layout_rooms,
          chequers_ecumenical_altar_simple_redux, roderic_roman_lattice
D:2:      layout_basic, basic_altar
D:3:      layout_basic, uniq_jessica, uniq_grinder, uniq_natasha
D:4:      layout_gridville, nzn_wu_jian_council_hall
D:5:      layout_basic, dreamdust_divine_triumvirate, fedhas_ov_isle_minmay,
          minmay_temple_entry_tees, serial_bayou, serial_bayou_ford_a,
          serial_bayou_lagoon_b, serial_bayou_shore_a, serial_bayou_pond_b,
          kennysheep_generic_room_3
D:6:      cheibrodos_steamvent, layout_cave_pods, kennysheep_mini,
          mainiacjoe_overflow_alcove_4, chequers_serial_rivers_micro_d,
          serial_bayou_pond_d
Temple:   pf_slime_end_temple

Skill      XL: |  1  2  3  4  5  6  7 |
---------------+----------------------+-----
Fighting       | 3 4 |  4.3
Axes           | 2 3 4 5 |  5.0
Armour         | 4 5 6 |  6.4
Dodging        | 2 |  2.1
Shields        | 4 |  4.4
Stealth        | |  0.9
Unarmed Combat | |  0.5

Action                     |  1- 3 |  4- 6 |  7- 9 || total
---------------------------+-------+-------+-------++-------
  Melee: War axe           |    72 |    87 |    49 ||   208
         Tailslap          |     9 |     7 |     4 ||    20
         Unarmed           |       |    10 |       ||    10
    Use: Scroll            |     2 |     5 |     3 ||    10
         Potion            |       |     5 |       ||     5
 Armour: Scale mail        |    38 |    56 |    35 ||   129
         Skin              |       |     3 |       ||     3
  Dodge: Dodged            |    28 |    56 |    24 ||   108
  Block: Buckler           |    15 |    36 |    19 ||    70
